 Dungeon Crawl Stone Soup version 0.31-a0-455-g1a7b003ef0 (webtiles) character file.

Game seed: 5709723469378252008

980 ytrimaz the Changeling (level 7, -2/55 HPs)
             Began as a Demonspawn Shapeshifter on Aug 3, 2023.
             Was an Initiate of Okawaru.
             Slain by a kobold
             ... wielding a +1 short sword of electrocution
              (16 damage)
             ... in a sewer.
             The game lasted 00:05:44 (4385 turns).

ytrimaz the Changeling (Demonspawn Shapeshifter)    Turns: 4385, Time: 00:05:44

Health: -2/55      AC:  7    Str: 17    XL:     7   Next: 96%
Magic:  7/7        EV: 11    Int:  9    God:    Okawaru [......]
Gold:   156        SH:  0    Dex: 14    Spells: 6/6 levels left

rFire   + .          .
                       - Unarmed
rCold   . . .        (no shield)
rNeg    . . .        p - +1 ring mail {rF+}
rPois   .            (helmet currently unavailable)
rElec   .            (cloak currently unavailable)
rCorr   .            (gloves currently unavailable)
SInv    .            (boots currently unavailable)
Will    .....        e - amulet of regeneration
Stlth   +            (no ring)
HPRegen 1.09/turn    (no ring)
MPRegen 0.10/turn

%: no passive effects
@: beast-form
A: beast (slay +3), antennae 1, (demonic guardian 2), sharp scales 1
a: Begin Untransformation, Renounce Religion


You were in a sewer.
You worshipped Okawaru.
Okawaru was noncommittal.
You were a hulking beast.
You visited 2 branches of the dungeon, and saw 6 of its levels.
You also visited: Sewer.

You collected 365 gold pieces.
You spent 209 gold pieces at shops.


Innate Abilities, Weirdness & Mutations

You are a hulking beast.
Your limbs bulge with bestial killing power. (Slay +3)
You have a pair of small antennae on your head.
((A demonic guardian rushes to your aid.))
You are partially covered in razor-sharp scales. (AC +1, Slay +1)


   Skills:
 + Level 4.4 Fighting
 - Level 1.7 Dodging
 + Level 5.0 Unarmed Combat
 * Level 5.6 Shapeshifting


You had 6 spell levels left.
You didn't know any spells.
Your spell library contained the following spells:

 Spells                   Type           Power      Damage    Failure   Level
 Ignite Poison            Fire/Tmut/Pois 0%         N/A       92%         3
 Ozocubu's Armour         Ice            0%         N/A       92%         3
 Sticky Flame             Conj/Fire      0%         2d3       100%        4
 Metabolic Englaciation   Hex/Ice        0%         N/A       100%        5
 Ignition                 Fire           0%         3d3       100%        8
 Simulacrum               Ice/Necr       Unusable   N/A       N/A         6

Inventory:

Armour
 g - a +0 plate armour
   (You found it on level 1 of the Dungeon)
 p - a +1 ring mail of fire resistance (worn)
   (You found it on level 3 of the Dungeon)
Jewellery
 e - an amulet of regeneration (around neck)
   (You found it on level 1 of the Dungeon)
Talismans
 c - a beast talisman (active)
Wands
 s - a wand of paralysis (19)
   (You took it off Ijyb on level 4 of the Dungeon)
Scrolls
 a - a scroll of fog {unknown}
 h - 2 scrolls of immolation
 l - 2 scrolls of teleportation
 m - a scroll of brand weapon {unknown}
 o - 2 scrolls of identify {unknown}
 r - 2 scrolls of enchant weapon
Potions
 b - a potion of lignification
 d - 6 potions of heal wounds {unknown}
 f - 3 potions of cancellation {unknown}
 i - 2 potions of curing
 j - a potion of attraction {unknown}
 k - 2 potions of mutation
 q - a potion of haste {unknown}

Dungeon Overview and Level Annotations

Branches:
Dungeon (5/15) Zot: 25763  Temple (1/1) D:4 Zot: 5970   Sewer (1/1) Zot: 5867

Altars:
Cheibriados
Dithmenos
Fedhas
Kikubaaqudgha
Nemelex Xobeh
Okawaru
Qazlal
Sif Muna
Uskayaw
Vehumet
Wu Jian
Xom
Yredelemnul

Shops:
D:2 !

Annotations:
D:3 1 runed translucent door, Crazy Yiuf
D:4 2 runed translucent doors, CraigForest's ghost, amateur GnSh
Temple 2 transporters

##+++##
#########.....##
##~≈~~≈~#..§.§..#
#!......'.......+
??....).'.§._.§.+
#[....Kh'.......+
##~≈~≈≈≈#...§...#
##########†.†###
####'###########
≈≈≈#...#~≈≈~≈≈#≈~
~≈~......~~~≈~~~≈~
....#...#......#~~
#+#######≈#######)#.≈
#......#~≈~#......#.≈


You could see a kobold.


Message History

Okawaru accepts your kill. The bat barely misses you. 😕 HP[+2]
You now have 55 max hp (+1).
You regained 2 hp, and now have 53/55 hp.
The bat closely misses you. 😕 HP[+1] Unknown command.
Really walk into that cloud of flame? [Y]es or [N]o only, please.
Really walk into that cloud of flame? [Y]es or [N]o only, please.
Really walk into that cloud of flame? [Y]es or [N]o only, please.
Really walk into that cloud of flame?
Okay, then.
You miss the bat. The bat misses you. 😎 HP[+1]
Your hp is fully restored (55).
Unknown command.
You punch the bat!
You kill the bat!
Okawaru accepts your kill.
No target in view!
Unknown command.
No target in view!
You open the gate. 2 kobolds come into view.
A kobold is wielding a +1 short sword of electrocution.
The kobold shouts! x2
A kobold brigand comes into view.
It is wielding a +0 whip and quivering poisoned darts.
There are monsters nearby!
There are monsters nearby!
There is an open gate here.
You hit the kobold. You punch the kobold.
You kill the kobold!
Okawaru accepts your kill.
You hit the kobold. The kobold hits you but does no damage.
You are electrocuted!! 😮 HP[-18]
You take 18 damage, and now have 37/55 hp.
MASSIVE DAMAGE!! (PAUSE)
You hit the kobold but do no damage.
The kobold hits you with a +1 short sword of electrocution.
The kobold brigand barely misses you. 😮 HP[-3]
You take 3 damage, and now have 34/55 hp.
You are too injured to fight recklessly!
You are too injured to fight recklessly!
Unknown command.
You punch the kobold brigand! The kobold closely misses you.
The kobold brigand hits you with a +0 whip. 😮 HP[-1]
You take 1 damage, and now have 33/55 hp.
You punch the kobold brigand!
The kobold hits you with a +1 short sword of electrocution.
The kobold brigand hits you with a +0 whip!
* * * LOW HITPOINT WARNING * * *
You are too injured to fight recklessly! 😨 HP[-8]
You take 8 damage, and now have 25/55 hp.
Unknown command.
You closely miss the kobold brigand. The kobold closely misses you.
The kobold brigand hits you with a +0 whip!
* * * LOW HITPOINT WARNING * * *
You are too injured to fight recklessly! 😨 HP[-7]
You take 7 damage, and now have 18/55 hp.
You hit the kobold brigand but do no damage. 😨 HP[+1]
You are too injured to fight recklessly!
You completely miss the kobold brigand. The kobold barely misses you.
The kobold brigand hits you but does no damage. 😨 HP[+1] Unknown command.
You hit the kobold brigand. The kobold barely misses you.
The kobold brigand hits you with a +0 whip.
* * * LOW HITPOINT WARNING * * *
😨 HP[-1]
You take 1 damage, and now have 19/55 hp.
You are too injured to fight recklessly!
You punch the kobold brigand! The kobold closely misses you.
The kobold brigand closely misses you. 😨 HP[+1]
You are too injured to fight recklessly!
You hit the kobold brigand.
You kill the kobold brigand!
Okawaru accepts your kill.
The kobold hits you with a +1 short sword of electrocution.
* * * LOW HITPOINT WARNING * * *
You feel your dexterity returning.
Your Unarmed Combat skill increases to level 5!
Unknown command. 😨 HP[-4]
You take 4 damage, and now have 16/55 hp.
You barely miss the kobold.
The kobold hits you with a +1 short sword of electrocution.
* * * LOW HITPOINT WARNING * * *
You are electrocuted!
You die...

Skill      XL: |  1  2  3  4  5  6  7 |
---------------+----------------------+-----
Shapeshifting  | 3 4 5 |  5.6
Unarmed Combat | 3 4 5 |  5.0
Fighting       | 2 3 4 |  4.4
Dodging        | |  1.7

Action                     |  1- 3 |  4- 6 |  7- 9 || total
---------------------------+-------+-------+-------++-------
  Melee: Unarmed           |    95 |   143 |   115 ||   353
         Punch             |     3 |     3 |     3 ||     9
    Use: Scroll            |     3 |     4 |     1 ||     8
         Potion            |       |     2 |       ||     2
   Stab: Sleeping          |     1 |       |       ||     1
 Armour: Animal skin       |    29 |    18 |       ||    47
         Ring mail         |       |    21 |    40 ||    61
         Skin              |       |    14 |       ||    14
  Dodge: Dodged            |    50 |    85 |    87 ||   222

Levels and vault maps discovered:
D:1:      nagdon_arrival_double_spiral, layout_basic,
          chequers_serial_rivers_micro_e, hangedman_feature_mirror,
          nrook_mini_vaults
D:2:      layout_basic, ebering_ecumenical_altar_mist, serial_shops, shop,
          minmay_gold_behind_fungi, dk_noncrumbling_4, minmay_pentomino_s2
D:3:      layout_rooms, small_statue_intersection, st_stairs_14,
          uniq_crazy_yiuf_cottage
D:4:      layout_layer_cave, nicolae_elyvilon_peaceful_grove,
          nicolae_uskayaw_suspiria, minmay_temple_entry_purple_smoke,
          ebering_ghost_sewer_f, chequers_serial_rivers_large_b,
          grunt_decor_one_mirror, uniq_ijyb
D:5:      layout_rooms, mainiacjoe_overflow_cross_hatched, serial_demonic,
          serial_demonic_e, serial_demonic_a, serial_demonic_c,
          serial_demonic_f, cheibrodos_sewer_entry_bend
Temple:   hellmonk_temple_divided_pantheon
Sewer:    kennysheep_sewer_church

Notes
Turn   | Place    | Note
-------+----------+-------------------------------------------
     0 | D:1      | ytrimaz the Demonspawn Shapeshifter began the quest for the
                  | Orb.
     0 | D:1      | Reached XP level 1. HP: 15/15 MP: 1/1
     0 | D:1      | magus.rc [v1.9.6]
   116 | D:1      | You add the spells Ignite Poison, Sticky Flame and Ignition
                  | to your library.
   285 | D:1      | Gained mutation: You are partially covered in razor-sharp
                  | scales. (AC +1, Slay +1) [demonic ancestry]
   285 | D:1      | Reached XP level 2. HP: 21/21 MP: 2/2
   466 | D:1      | Reached skill level 3 in Shapeshifting
   650 | D:1      | Reached skill level 3 in Unarmed Combat
  1064 | D:2      | Found a faded altar of an unknown god.
  1076 | D:2      | Reached XP level 3. HP: 23/26 MP: 3/3
  1124 | D:2      | Reached skill level 2 in Fighting
  1124 | D:2      | Gained mutation: A weak demonic guardian rushes to your
                  | aid. [demonic ancestry]
  1124 | D:2      | Reached XP level 4. HP: 30/33 MP: 4/4
  1186 | D:2      | You pick up a book of Winter and begin reading...
  1186 | D:2      | You add the spells Ozocubu's Armour, Metabolic Englaciation
                  | and Simulacrum to your library.
  1259 | D:2      | Found Azous's Distillery.
  1267 | D:2      | Bought a potion of curing for 33 gold pieces
  1267 | D:2      | Bought 2 potions of mutation for 176 gold pieces
  1949 | D:3      | Found a runed translucent door.
  1950 | D:3      | Noticed Crazy Yiuf
  2131 | D:4      | Found a runed translucent door.
  2175 | D:4      | Found a runed translucent door.
  2176 | D:4      | Noticed CraigForest's ghost (amateur GnSh)
  2198 | D:4      | Gained mutation: You have a pair of small antennae on your
                  | head. [demonic ancestry]
  2198 | D:4      | Reached XP level 5. HP: 39/39 MP: 5/5
  2213 | D:4      | Noticed Ijyb
  2229 | D:4      | Killed Ijyb
  2312 | D:4      | Reached skill level 4 in Shapeshifting
  2398 | D:4      | Found a staircase to the Ecumenical Temple.
  2410 | Temple   | Found a transporter.
  2410 | Temple   | Found a transporter.
  2410 | Temple   | Found a transporter.
  2410 | Temple   | Found a transporter.
  2410 | Temple   | Entered the Ecumenical Temple
  2501 | D:4      | Noticed a hornet
  2503 | D:4      | Paralysed by a hornet for 1 turns
  2506 | D:4      | Paralysed by a hornet for 2 turns
  2506 | D:4      | HP: 2/39 [hornet (13)]
  2513 | D:4      | HP: 9/58 [hornet (6)]
  2521 | D:4      | Killed a hornet
  2522 | D:4      | Reached skill level 3 in Fighting
  2522 | D:4      | Reached skill level 4 in Unarmed Combat
  2522 | D:4      | Reached XP level 6. HP: 14/47 MP: 6/6
  3222 | D:4      | Found a hide-covered altar of Uskayaw.
  3794 | D:5      | Entered Level 5 of the Dungeon
  3931 | D:5      | Gained mutation: A demonic guardian rushes to your aid.
                  | [demonic ancestry]
  3931 | D:5      | Reached XP level 7. HP: 38/53 MP: 7/7
  3939 | D:5      | Reached skill level 5 in Shapeshifting
  4023 | D:5      | Reached skill level 4 in Fighting
  4044 | D:5      | Found an iron altar of Okawaru.
  4072 | D:5      | Became a worshipper of Warmaster Okawaru
  4230 | D:5      | Found a glowing drain.
  4253 | Sewer    | Entered a sewer
  4356 | Sewer    | Found a burning altar of Makhleb.
  4385 | Sewer    | Reached skill level 5 in Unarmed Combat
  4385 | Sewer    | Slain by a kobold

Vanquished Creatures
  A hornet (D:4)
  2 ogres (D:5)
  A kobold brigand (Sewer)
  2 howler monkeys
  A quasit (Sewer)
  2 hounds
  A jelly (D:5)
  An iguana (D:5)
  Ijyb (D:4)
  9 adders
  A shadow imp (Sewer)
  5 white imps (D:5)
  4 ufetubi
  3 dart slugs
  7 worms
  A bat zombie (Sewer)
  6 endoplasms
  A giant cockroach (D:1)
  4 goblins
  6 hobgoblins
  A jackal (D:2)
  11 kobolds
  2 quokkas
  6 ball pythons
  11 bats
  5 frilled lizards
  9 rats
104 creatures vanquished.

Vanquished Creatures (collateral kills)
  A jelly (D:5)
  An adder (D:5)
  A worm (D:3)
3 creatures vanquished.

Vanquished Creatures (others)
  A kobold zombie (Sewer)
1 creature vanquished.

Grand Total: 108 creatures vanquished

Table legend:
 A = Non-vault XP
 B = Vault XP
 C = Vault XP percentage of total XP
 D = Non-vault monster count
 E = Vault monster count
 F = Vault count percentage of total count
                 A         B        C        D         E       F
            +---------+---------+-------+---------+---------+-------
      Total |    1083 |     317 |  22.6 |      73 |      34 |  31.8
            +---------+---------+-------+---------+---------+-------
        D:1 |      35 |       4 |  10.3 |      19 |       2 |   9.5
        D:2 |      78 |       4 |   4.9 |      20 |       2 |   9.1
        D:3 |      41 |       2 |   4.7 |      14 |       1 |   6.7
        D:4 |     401 |      36 |   8.2 |       8 |       1 |  11.1
        D:5 |     528 |      83 |  13.6 |      12 |      10 |  45.5
      Sewer |       0 |     188 | 100.0 |       0 |      18 | 100.0
            +---------+---------+-------+---------+---------+-------

Skill      XL: |  1  2  3  4  5  6  7 |
---------------+----------------------+-----
Shapeshifting  | 3 4 5 |  5.6
Unarmed Combat | 3 4 5 |  5.0
Fighting       | 2 3 4 |  4.4
Dodging        | |  1.7

Action                     |  1- 3 |  4- 6 |  7- 9 || total
---------------------------+-------+-------+-------++-------
  Melee: Unarmed           |    95 |   143 |   115 ||   353
         Punch             |     3 |     3 |     3 ||     9
    Use: Scroll            |     3 |     4 |     1 ||     8
         Potion            |       |     2 |       ||     2
   Stab: Sleeping          |     1 |       |       ||     1
 Armour: Animal skin       |    29 |    18 |       ||    47
         Ring mail         |       |    21 |    40 ||    61
         Skin              |       |    14 |       ||    14
  Dodge: Dodged            |    50 |    85 |    87 ||   222

Illustrated notes

Table legend:
 A = Kills in this place as a percentage of kills in the entire game.
 B = Kills by you in this place as a percentage of kills by you in the entire game.
 C = Kills by friends in this place as a percentage of kills by friends in the entire game.
 D = Other kills in this place as a percentage of other kills in the entire game.
 E = Experience gained in this place as a percentage of experience gained in the entire game.
 F = Experience gained in this place divided by the number of levels of this place that you have seen.
                   A       B       C       D       E      F
               +-------+-------+-------+-------+-------+----------------------
         Total | 100.0 | 100.0 | 100.0 |   N/A | 100.0 | 200.0
       Dungeon |  83.2 |  82.7 | 100.0 |   N/A |  86.6 | 242.4
         Sewer |  16.8 |  17.3 |   0.0 |   N/A |  13.4 | 188.0
               +-------+-------+-------+-------+-------+----------------------

Table legend: (Time is in decaauts)
 A = Elapsed time spent in this place.
 B = Non-inter-level travel time spent in this place.
 C = Inter-level travel time spent in this place.
 D = Time resting spent in this place.
 E = Time spent auto-exploring this place.
 F = Levels seen in this place.
 G = Mean time per level.
                   A        B        C        D        E       F      G
               +--------+--------+--------+--------+--------+-----+--------+
         Total |   4398 |   4276 |    122 |    316 |   3132 |   7 |  628.3 |
       Dungeon |   4237 |   4122 |    115 |    316 |   3074 |   5 |  847.4 |
        Temple |     29 |     22 |      7 |      0 |      0 |   1 |   29.0 |
         Sewer |    131 |    131 |      0 |      0 |     58 |   1 |  131.0 |
               +--------+--------+--------+--------+--------+-----+--------+

Top non-repeatable levels by time:
     D:4: 1686 daAuts
     D:1: 933 daAuts
     D:2: 583 daAuts
     D:3: 578 daAuts
     D:5: 456 daAuts
   Sewer: 131 daAuts
  Temple: 29 daAuts
